 Dungeon Crawl Stone Soup version 0.22-a0-803-gd6d8abe (webtiles) character file.

196 Gildeon the Magician (level 5, -3/35 HPs)
             Began as a Mummy Fire Elementalist on July 22, 2018.
             Slain by Pikel
             ... wielding a +2 whip of freezing
              (8 damage)
             ... on level 3 of the Dungeon.
             The game lasted 00:20:06 (4217 turns).

Gildeon the Magician (Mummy Fire Elementalist)      Turns: 4217, Time: 00:20:06

Health: -3/35      AC:  6    Str: 11    XL:     5   Next: 45%
Magic:  5/11       EV: 12    Int: 16    God:
Gold:   135        SH:  0    Dex: 12    Spells: 4/13 levels left

rFire    x . .     SeeInvis .   j - +1 spear (pierce)
rCold    + . .     Gourm    .   (no shield)
rNeg     + + +     Faith    .   a - +2 robe
rPois    ∞         Spirit   .   i - +2 hat
rElec    .         Reflect  .   (no cloak)
rCorr    .         Harm     .   (no gloves)
MR       .....                  (no boots)
Stlth    ++........             (no amulet)
HPRegen  0.11/turn              (no ring)
MPRegen  0.12/turn              (no ring)

@: no status effects
A: no food or potions, fire vulnerability, cold resistance 1, negative energy
resistance 3, torment resistance, unbreathing
a: no special abilities


You were on level 3 of the Dungeon.
You were not hungry.

You visited 1 branch of the dungeon, and saw 4 of its levels.

You collected 135 gold pieces.

Inventory:

Hand Weapons
 j - a +1 spear of piercing (weapon)
Missiles
 d - 5 tomahawks (quivered)
Armour
 a - a +2 robe (worn)
 i - a +2 hat (worn)
Scrolls
 b - a scroll of magic mapping
 c - 2 scrolls of enchant armour
 e - a scroll of identify
 h - 2 scrolls of remove curse


   Skills:
 - Level 1.5 Dodging
 + Level 3.2 Stealth
 + Level 4.6 Spellcasting
 - Level 0.7 Conjurations
 + Level 3.5 Fire Magic


You had 4 spell levels left.
You knew the following spells:

 Your Spells              Type           Power        Failure   Level  Hunger
a - Flame Tongue          Conj/Fire      ##...        7%          1    N/A
b - Throw Flame           Conj/Fire      ##....       10%         2    N/A
c - Conjure Flame         Conj/Fire      ##......     21%         3    N/A
d - Inner Flame           Hex/Fire       #.......     22%         3    N/A

Your spell library contained the following spells:

 Spells                   Type           Power        Failure   Level  Hunger
 Fireball                 Conj/Fire      ##........   88%         5    N/A
 Sticky Flame             Conj/Fire      ##......     54%         4    N/A

Dungeon Overview and Level Annotations

Branches:
Dungeon (4/15)
 Temple: D:4-7

Altars:
Ashenzari
Elyvilon
Ru
The Shining One

Annotations:
D:3 Pikel


Innate Abilities, Weirdness & Mutations

You do not eat or drink.
Your flesh is vulnerable to fire.
You are immune to poison.
Your flesh is cold resistant. (rC+)
You are immune to negative energy. (rN+++)
You are immune to unholy pain and torment.
You can survive without breathing.


Message History

Casting: Flame Tongue (safe; 7% risk of failure)
Confirm with . or Enter, or press ? or * to list all spells.
Okay, then.
Okay, then.
Casting: Flame Tongue (safe; 7% risk of failure)
Confirm with . or Enter, or press ? or * to list all spells.
Aiming: Flame Tongue (safe; 7% risk of failure)
Press: ? - help, Shift-Dir - straight line, f/p - Pikel
Aim: Pikel, wielding a whip of freezing and wearing a robe (heavily wounded)
The flame tongue hits Pikel.
Pikel is heavily wounded.
Pikel hits you with a whip of freezing.
* * * LOW HITPOINT WARNING * * *
Casting: Flame Tongue (safe; 7% risk of failure)
Confirm with . or Enter, or press ? or * to list all spells.
Aiming: Flame Tongue (safe; 7% risk of failure)
Press: ? - help, Shift-Dir - straight line, f/p - Pikel
Aim: Pikel, wielding a whip of freezing and wearing a robe (heavily wounded)
The flame tongue misses Pikel.
Pikel hits you with a whip of freezing!
You die...

....#.###.#..#.###.##.# #.#
.............#..##.##.# #.#
..........#...#.##.##.# #.#
..........#.#.#.##.##.# #.#
............#...##.##.# #.#
...................##.# #.#
....#.###...##..##.##.## #.#
....#.##...............# #.#
....#..........K@#.###.# #.#
...................###.#####.##
....#.#.......................#
#...#.#...#####..........###.##
#...#.#..## #....###.### #.#
##..#....######....###.# #.#
.......................# #.#
#######.......#.#..##### #.#
##.######.#..# #.#


You could see Pikel.

Vanquished Creatures
  An orc wizard (D:3)
  Ijyb (D:4)
  3 gnolls (D:3)
  3 adders (D:2)
  An ooze (D:1)
  5 worms
  A dart slug (D:2)
  A leopard gecko (D:3)
  8 orcs
  4 bats
  4 giant cockroaches
  4 goblins
  9 hobgoblins
  5 kobolds
  A quokka (D:3)
  2 frilled lizards (D:2)
  8 rats
61 creatures vanquished.

Notes
Turn   | Place    | Note
-------+----------+-------------------------------------------
     0 | D:1      | Gildeon the Mummy Fire Elementalist began the quest for the Orb.
     0 | D:1      | Reached XP level 1. HP: 13/13 MP: 4/4
    79 | D:1      | Found a glowing golden altar of the Shining One.
   182 | D:1      | Reached skill level 3 in Spellcasting
   302 | D:1      | Reached XP level 2. HP: 16/19 MP: 1/6
   359 | D:1      | Learned a level 2 spell: Throw Flame
  1245 | D:2      | Reached XP level 3. HP: 24/24 MP: 4/7
  1920 | D:2      | Found a white marble altar of Elyvilon.
  2322 | D:2      | Reached XP level 4. HP: 30/30 MP: 7/9
  2336 | D:2      | Learned a level 3 spell: Conjure Flame
  2340 | D:2      | Learned a level 3 spell: Inner Flame
  2549 | D:2      | Found a shattered altar of Ashenzari.
  2883 | D:3      | Reached skill level 4 in Spellcasting
  3090 | D:3      | Found a sacrificial altar of Ru.
  3238 | D:3      | Reached XP level 5. HP: 21/35 MP: 0/11
  3807 | D:4      | Noticed Ijyb
  3818 | D:4      | Paralysed by Ijyb for 3 turns
  3822 | D:4      | Paralysed by Ijyb for 4 turns
  3831 | D:4      | Paralysed by Ijyb for 2 turns
  3853 | D:4      | Paralysed by Ijyb for 4 turns
  3870 | D:4      | Killed Ijyb
  4147 | D:4      | Noticed a slave
  4147 | D:4      | Noticed a slave
  4147 | D:4      | Noticed a slave
  4147 | D:4      | Noticed Pikel
  4148 | D:4      | Noticed a slave
  4217 | D:3      | Slain by Pikel

Vault maps used:
D:1:      kennysheep_arrival_seaside, tso_altar
D:2:      lemuel_coloured_pillars_altar, elyvilon_altar_1
D:3:      lemuel_doored_altar
D:4:      uniq_ijyb, uniq_grinder, uniq_pikel

Skill      XL: |  1  2  3  4 |
---------------+-------------+-----
Spellcasting   | 3 4 |  4.6
Stealth        | 2 3 |  3.2
Fire Magic     | 3 |  3.5
Dodging        | |  1.5
Conjurations   | |  0.7

Action                   |  1- 3 |  4- 6 || total
-------------------------+-------+-------++-------
Melee: Unarmed           |     3 |       ||     3
       Club              |    12 |       ||    12
       Short sword       |       |    12 ||    12
       Spear             |       |    38 ||    38
Throw: Tomahawk          |     5 |     8 ||    13
 Cast: Flame Tongue      |    80 |    76 ||   156
  Use: Scroll            |     4 |     8 ||    12
 Stab: Sleeping          |       |     1 ||     1
Armor: Robe              |    13 |    20 ||    33
Dodge: Dodged            |    38 |    46 ||    84

Table legend:
 A = Spawn XP
 B = Non-spawn XP
 C = Spawn XP percentage of total XP
 D = Spawn monster count
 E = Non-spawn monster count
 F = Spawn count percentage of total count
 G = Total turns spent on level
                    A         B        C        D         E        F      G
               +---------+---------+-------+---------+---------+-------+---------
         Total |       0 |     280 |   0.0 |       0 |      61 |   0.0 |  4217
               +---------+---------+-------+---------+---------+-------+---------
           D:1 |       0 |      38 |   0.0 |       0 |      19 |   0.0 |  1138
           D:2 |       0 |      77 |   0.0 |       0 |      18 |   0.0 |  1575
           D:3 |       0 |     126 |   0.0 |       0 |      22 |   0.0 |  1098
           D:4 |       0 |      39 |   0.0 |       0 |       2 |   0.0 |   406
               +---------+---------+-------+---------+---------+-------+---------
